 Dungeon Crawl Stone Soup version 0.20.2-3-g29329e0561 (webtiles) character file.

574 Alfie the Covered (level 7, 0/61 HPs)
             Began as a Hill Orc Fighter on Mar 25, 2024.
             Succumbed to a worker ant's poison
             ... on level 4 of the Dungeon.
             The game lasted 00:07:03 (3434 turns).

Alfie the Covered (Hill Orc Fighter)                Turns: 3434, Time: 00:07:03

Health: 0/61       AC:  7    Str: 21    XL:     7   Next: 35%
Magic:  7/7        EV: 11    Int:  8    God:
Gold:   273        SH:  9    Dex: 10    Spells: 6/6 levels left

rFire    . . .     SeeInvis .   a - +0 rapier
rCold    . . .     Gourm    .   c - +0 shield
rNeg     . . .     Faith    .   b - +0 scale mail
rPois    .         Spirit   .   (no helmet)
rElec    .         Reflect  .   (no cloak)
rCorr    .         Harm     .   (no gloves)
MR       .....                  (no boots)
Stlth    ..........             (no amulet)
Regen    0.2/turn               j - ring of flight
MPRegen  0.1/turn               r - +3 ring of evasion

@: lethally poisoned (0 -> -1)
A: no striking features
a: Evoke Flight


You were on level 4 of the Dungeon.
You were hungry.

You visited 1 branch of the dungeon, and saw 5 of its levels.

You collected 273 gold pieces.

Inventory:

Hand Weapons
 a - a +0 rapier (weapon)
Armour
 b - a +0 scale mail (worn)
 c - a +0 shield (worn)
Jewellery
 j - a ring of flight (left hand)
 o - an uncursed ring of resist corrosion {unknown}
 r - a +3 ring of evasion (right hand)
Scrolls
 d - a scroll of noise {unknown}
 e - a scroll of amnesia {unknown}
 f - a scroll of enchant weapon {unknown}
 h - a scroll of teleportation
 k - 2 scrolls of magic mapping {unknown}
 l - 4 scrolls of identify {unknown}
 n - a scroll of blinking {unknown}
 p - 2 scrolls of remove curse {unknown}
Potions
 m - a potion of lignification {unknown}
Comestibles
 g - 3 meat rations
 i - a bread ration
 q - a royal jelly


   Skills:
 + Level 5.0 Fighting
 + Level 5.0 Short Blades
 + Level 5.1 Armour
 + Level 1.2 Dodging
 + Level 0.5 Stealth
 + Level 4.8 Shields


You had 6 spell levels left.
You didn't know any spells.

Dungeon Overview and Level Annotations

Branches:
Dungeon (5/15)
 Temple: D:4-7

Altars:
Ashenzari
Ru
Vehumet

Annotations:
D:5 Alfie's ghost, novice HOFi


Message History

* * * LOW HITPOINT WARNING * * *
You feel sick.
The worker ant bites you but does no damage.
You block the worker ant's attack.
Your shield prevents you from hitting the worker ant.
The worker ant is almost dead.
You block the worker ant's attack.
You hit the worker ant but do no damage.
The worker ant is almost dead.
* * * LOW HITPOINT WARNING * * *
You feel sick. You block the worker ant's attack.
You closely miss the worker ant.
The worker ant is almost dead.
The worker ant bites you but does no damage.
You hit the worker ant.
You kill the worker ant!
Your Short Blades skill increases to level 5!
* * * LOW HITPOINT WARNING * * *
You feel sick.
You die...

......# #......#........# ......#
#......'........# ......#
#......#........#
......##########'##........#
......#...<#...............#
......'....#...............#
......#....#...............#
......#....'...............######
......#....#.>..@..########......
......#....#.......#.....[#......
......##############......#......
......#....#.......'......#......
......#....#......#########......
......#....#......#..............
......#....###'####.....<........
.....##....#...............######
.....#.....#...............#.....


There were no monsters in sight!

Vanquished Creatures
  A sky beast (D:5)
  The ghost of Alfie the Skirmisher, an amateur HOFi (D:3)
  A bullfrog zombie (D:5)
  An iguana (D:4)
  3 orc wizards
  3 worker ants (D:4)
  Robin (D:2)
  3 gnolls (D:3)
  5 adders
  An adder skeleton (D:3)
  3 worms
  2 dart slugs (D:1)
  3 leopard geckos
  4 orcs
  2 ball pythons
  2 giant cockroaches
  14 goblins
  14 hobgoblins
  10 jackals
  9 bats
  4 frilled lizards
  5 kobolds
  6 rats
98 creatures vanquished.

Notes
Turn   | Place    | Note
-------+----------+-------------------------------------------
     0 | D:1      | Alfie the Hill Orc Fighter began the quest for the Orb.
     0 | D:1      | Reached XP level 1. HP: 19/19 MP: 1/1
   211 | D:1      | Reached XP level 2. HP: 26/27 MP: 2/2
   897 | D:2      | Reached XP level 3. HP: 27/33 MP: 3/3
  1200 | D:2      | Reached XP level 4. HP: 26/40 MP: 4/4
  1290 | D:2      | Noticed Robin
  1321 | D:2      | Killed Robin
  1424 | D:2      | Found a shattered altar of Ashenzari.
  1556 | D:2      | Found a radiant altar of Vehumet.
  1787 | D:3      | Noticed Alfie's ghost (amateur HOFi)
  1798 | D:3      | Killed Alfie's ghost
  1798 | D:3      | Reached XP level 5. HP: 32/47 MP: 5/5
  2082 | D:3      | Reached XP level 6. HP: 44/53 MP: 6/6
  2250 | D:3      | Found a sacrificial altar of Ru.
  2896 | D:4      | Reached skill level 1 in Dodging
  3000 | D:4      | HP: 1/53 [worker ant (5)]
  3295 | D:5      | Entered Level 5 of the Dungeon
  3295 | D:5      | Noticed a sky beast
  3379 | D:5      | Killed a sky beast
  3379 | D:5      | Reached skill level 5 in Fighting
  3379 | D:5      | Reached skill level 5 in Armour
  3379 | D:5      | Reached XP level 7. HP: 25/61 MP: 7/7
  3384 | D:5      | Noticed Alfie's ghost (novice HOFi)
  3423 | D:4      | HP: 3/61 [poisoned by a worker ant]
  3429 | D:4      | HP: 1/61 [poisoned by a worker ant]
  3431 | D:4      | Reached skill level 5 in Short Blades
  3434 | D:4      | Succumbed to a worker ant's poison

Skill      XL: |  1  2  3  4  5  6  7 |
---------------+----------------------+-----
Fighting       | 4 5 |  5.0
Short Blades   | 3 4 5 |  5.0
Armour         | 4 5 |  5.1
Shields        | 4 |  4.8
Dodging        | 1 |  1.2
Stealth        | |  0.5

Action                   |  1- 3 |  4- 6 |  7- 9 || total
-------------------------+-------+-------+-------++-------
Melee: Rapier            |   141 |   284 |    44 ||   469
  Use: Potion            |     1 |     3 |     1 ||     5
       Scroll            |       |     2 |       ||     2
 Stab: Invisible         |       |     1 |       ||     1
       Paralysed         |       |     1 |       ||     1
  Eat: Royal jelly       |     1 |     1 |       ||     2
       Bread ration      |       |     1 |       ||     1
Armor: Scale mail        |    55 |   123 |    15 ||   193
Dodge: Dodged            |    41 |    83 |    12 ||   136
Block: Shield            |    53 |   162 |    36 ||   251
